 Dungeon Crawl Stone Soup version 0.29.1-15-g9cfb28693d (webtiles) character file.

Game seed: 7024105212938686967

42245 cbfl8 the Cleaver (level 13, -4/92 HPs)
             Began as a Demonspawn Fighter on Sept 28, 2023.
             Was the Champion of Hepliaklqana.
             Slain by a cyan ugly thing (5 damage)
             ... on level 14 of the Dungeon.
             The game lasted 00:27:50 (29547 turns).

cbfl8 the Cleaver (Demonspawn Fighter)             Turns: 29547, Time: 00:27:51

Health: -4/92      AC: 20    Str: 18    XL:     13   Next: 84%
Magic:  13/13      EV:  7    Int: 10    God:    Hepliaklqana [******]
Gold:   1172       SH:  7    Dex: 22    Spells: 12/12 levels left

rFire   . . .      SeeInvis +   G - +2 broad axe
rCold   . . .      Faith    +   c - +0 buckler
rNeg    . . .      Spirit   .   m - +1 chain mail {rPois}
rPois   +          Reflect  .   (helmet unavailable)
rElec   .          Harm     .   e - +0 cloak
rCorr   .          Rampage  .   y - +0 pair of gloves
Will    .....                   o - +0 pair of boots
Stlth   ..........              J - amulet of faith
HPRegen 0.25/turn               H - ring of flight
MPRegen 0.13/turn               D - +6 ring of dexterity

@: flying
A: reduced essence, antennae 3, icy blue scales 2, demonic magic 1
a: Renounce Religion, Recall Ancestor, Ancestor Identity, Transference, Idealise


You were on level 14 of the Dungeon.
You worshipped Hepliaklqana.
Hepliaklqana was exalted by your worship.
You visited 2 branches of the dungeon, and saw 16 of its levels.

You collected 1172 gold pieces.

Inventory:

Hand Weapons
 G - a +2 broad axe (weapon)
Missiles
 j - 5 throwing nets
Armour
 c - a +0 buckler (worn)
 e - a +0 cloak (worn)
 m - a +1 chain mail of poison resistance (worn)
 o - a +0 pair of boots (worn)
 y - a +0 pair of gloves (worn)
Jewellery
 i - a ring of ice
 D - a +6 ring of dexterity (right hand)
 H - a ring of flight (left hand)
 J - an amulet of faith (around neck)
Wands
 l - a wand of light (2)
 v - a wand of roots (15) (quivered)
 x - a wand of polymorph (4)
 z - a wand of flame (39)
 I - a wand of digging (3)
Scrolls
 f - 4 scrolls of fog
 g - 6 scrolls of silence
 h - 2 scrolls of blinking
 p - 2 scrolls of noise
 q - 2 scrolls of immolation
 r - 5 scrolls of teleportation
 t - 2 scrolls of magic mapping
 w - a scroll of fear
 A - 3 scrolls of poison
 E - 3 scrolls of enchant armour
 F - a scroll of acquirement {unknown}
 K - 3 scrolls of identify
Potions
 a - a potion of degeneration {unknown}
 b - 6 potions of curing
 d - a potion of flight {unknown}
 k - 2 potions of invisibility
 n - 2 potions of lignification {unknown}
 s - a potion of mutation {unknown}
 u - a potion of magic {unknown}
 B - 4 potions of resistance
 C - 4 potions of cancellation


   Skills:
 + Level 9.8 Fighting
 + Level 13.6 Axes
 + Level 10.9 Armour
 + Level 7.0 Shields
 * Level 11.1 Evocations


You had 12 spell levels left.
You didn't know any spells.
Your spell library contained the following spells:

 Spells                   Type           Power      Damage    Failure   Level
 Freeze                   Ice            0%         1d3       98%         1
 Ensorcelled Hibernation  Hex/Ice        0%         N/A       99%         2
 Frozen Ramparts          Ice            0%         1d1       100%        3
 Ignite Poison            Fire/Tmut/Pois 0%         N/A       100%        3
 Mephitic Cloud           Conj/Pois/Air  0%         N/A       100%        3
 Ozocubu's Armour         Ice            0%         N/A       100%        3
 Spider Form              Tmut/Pois      0%         N/A       100%        3
 Anguish                  Hex/Necr       0%         N/A       100%        4
 Animate Dead             Necr           0%         N/A       100%        4
 Hailstorm                Conj/Ice       0%         3d3       100%        4
 Borgnjor's Vile Clutch   Necr/Erth      0%         N/A       100%        5
 Freezing Cloud           Conj/Ice/Air   0%         6-21      100%        5
 Metabolic Englaciation   Hex/Ice        0%         N/A       100%        5
 Death Channel            Necr           0%         N/A       100%        6
 Simulacrum               Ice/Necr       0%         N/A       100%        6


Dungeon Overview and Level Annotations

Branches:
Dungeon (15/15)            Temple (1/1) D:5            Lair (0/5) D:8
    Orc (0/2) D:9          Vaults (0/5) D:13
 Depths: D:15

Altars:
Ashenzari
Cheibriados
Dithmenos
Fedhas
Gozag
Hepliaklqana
Kikubaaqudgha
Makhleb
Nemelex Xobeh
Okawaru
Qazlal
Ru
Sif Muna
Trog
Uskayaw
Vehumet
Wu Jian
Xom
Yredelemnul

Shops:
D:4 =(   D:13 (

Annotations:
D:5 1 runed translucent door, Crazy Yiuf
D:12 2 transporters, Psyclone's ghost, journeyman DEVM


Innate Abilities, Weirdness & Mutations

Your life essence is reduced to manifest your ancestor. (-10% HP)
You have a pair of large antennae on your head. (SInv)
You are mostly covered in icy blue scales. (AC +3)
Spells you cast may paralyse adjacent enemies.


Message History

Press: ? - help, Q - select action, (/) - cycle Shift-Dir - straight line, f - you, p - tengu warrior
Okay, then.
Aiming: Fastroot
Press: ? - help, Q - select action, (/) - cycle Shift-Dir - straight line, f - you, p - tengu warrior
Okay, then.
Unknown command.
The roots lose their grip on something.
You hear a thunk.
A bolt appears from out of your range of vision.
The bolt completely misses Valentine.
You hear a shout!
The tengu warrior shoots a bolt.
The bolt barely misses Valentine.
The bolt hits you.
A tengu warrior comes into view. It is wielding a +0 arbalest.
The tengu warrior shoots a bolt.
The bolt hits you!
A stone giant comes into view.
The tengu warrior shoots a bolt.
The bolt hits you!
The tengu warrior shoots a bolt.
The bolt hits you.
There is an open door here.
The tengu warrior shoots a bolt.
The bolt hits Valentine!!
The tengu warrior shoots a bolt.
The bolt barely misses Valentine.
You block the bolt.
The tengu warrior shoots a bolt.
The bolt hits Valentine!
There is a stone staircase leading up, spattered with blood here.
You fly upwards.
The cyan ugly thing gurgles horribly!
There is a stone staircase leading down, spattered with blood here.
A cyan ugly thing is nearby!
A cyan ugly thing is nearby!
A cyan ugly thing is nearby!
You hit the cyan ugly thing but do no damage.
The cyan ugly thing kicks you. The cyan ugly thing shocks you!
You barely miss the cyan ugly thing. The cyan ugly thing kicks you!
* * * LOW HITPOINT WARNING * * *
The cyan ugly thing shocks you!
* * * LOW HITPOINT WARNING * * *
You hit the cyan ugly thing.
The cyan ugly thing is lightly wounded.
The cyan ugly thing kicks you.
You die...

...###########.......###
...#...................#
....#..................#
...###.###.###.........# ## ..##
##....# #.#...##.## #.
...###.##<.# #.##.###.# #.
....#......###.##.# #.# #.
............##)##(###.##########.
.....###>#....)>@u...............
#.#..# #.#.###)##.###.....######.
#.#..# #.#.# #.##.# #............
#.#..# #.#.###.##.# #.....######.
#.#..###.#.##.....# #.....# #.
#.#.......(....#### ###.#.######.
#..[.###.#.#.<## #.#.#......
...[.[.>......# #.#.#.####.
#.....###.#...# #.#......#.


You could see a cyan ugly thing.

Vanquished Creatures
  2 boulder beetles
  5 centaur warriors
  A dancing weapon (D:13)
  A tengu warrior (D:14)
  A death knight (D:13)
  A two-headed ogre (D:15)
  Sonja (D:11)
  4 deep elf pyromancers
  6 ugly things
  2 cyclopes
  Joseph (D:10)
  An unseen horror (D:10)
  A freezing wraith (D:12)
  3 yaktaurs (D:15)
  2 efreet
  2 meliai (D:14)
  2 trolls
  Prince Ribbit (D:5)
  4 slime creatures
  A yak (D:9)
  A wraith (D:13)
  Grum (D:11)
  2 hogs (D:12)
  A steam dragon (D:7)
  7 vampire mosquitoes
  An acid dragon (D:9)
  A water moccasin (D:5)
  Duvessa (D:7)
  An ice beast (D:6)
  A sky beast (D:5)
  6 orc warriors
  3 ogres
  A wolf (D:11)
  An ogre (shapeshifter) (D:15)
  3 centaurs
  A bullfrog (D:6)
  3 necrophages
  4 scorpions
  2 wights (D:9)
  Dowan (D:7)
  A killer bee (D:10)
  A howler monkey (D:6)
  3 hounds
  3 jellies
  3 gnoll boudas
  7 orc priests
  Natasha (thrice) (D:2)
  3 iguanas
  8 orc wizards
  8 adders
  22 gnolls
  A white imp (D:5)
  A worm (D:3)
  4 dart slugs
  49 orcs
  4 ball pythons
  7 bats
  8 endoplasms
  3 giant cockroaches
  7 goblins
  2 hobgoblins
  7 kobolds
  5 quokkas
  3 frilled lizards
  5 rats
252 creatures vanquished.

Vanquished Creatures (collateral kills)
  Kirke (D:12)
  Fannar (D:11)
  A hydra (D:13)
  An ogre mage (D:15)
  A boulder beetle (D:13)
  2 catoblepae
  A dancing weapon (D:13)
  A two-headed ogre (D:15)
  A tengu warrior (D:14)
  2 centaur warriors
  An orc sorcerer (D:15)
  4 ugly things
  An orc knight (D:14)
  3 cyclopes
  A manticore (D:14)
  An efreet (D:13)
  An unseen horror (D:12)
  A freezing wraith (D:14)
  A komodo dragon (D:8)
  A yaktaur (D:14)
  A meliai (shapeshifter) (D:14)
  A hornet (D:7)
  A meliai (D:14)
  A hornet (shapeshifter) (D:12)
  5 trolls
  4 slime creatures
  A shadow (D:13)
  2 wraiths (D:13)
  10 yaks
  2 basilisks
  3 hogs (D:12)
  6 vampire mosquitoes
  A chaos spawn (D:9)
  2 steam dragons
  An acid dragon (D:9)
  A water moccasin (D:9)
  4 orc warriors
  A centaur (D:8)
  3 wolves (D:11)
  A kobold brigand (D:8)
  A bullfrog (D:8)
  A gnoll sergeant (D:7)
  4 wights
  4 killer bees (D:10)
  3 howler monkeys
  4 orc priests
  A gnoll bouda (D:7)
  8 orc wizards
  3 gnolls (D:7)
  18 orcs
  2 kobolds (D:8)
127 creatures vanquished.

Vanquished Creatures (others)
  A human (D:12)
  8 battlemagi
  An ancestor (D:6)
  2 demonic plants (D:9)
  A fungus (D:10)
  7 plants (D:8)
20 creatures vanquished.

Grand Total: 399 creatures vanquished

Notes
Turn   | Place    | Note
-------+----------+-------------------------------------------
     0 | D:1      | cbfl8 the Demonspawn Fighter began the quest for the Orb.
     0 | D:1      | Reached XP level 1. HP: 18/18 MP: 1/1
    34 | D:1      | Found a faded altar of an unknown god.
   321 | D:1      | Gained mutation: You are partially covered in icy blue
                  | scales. (AC +2) [demonic ancestry]
   321 | D:1      | Reached XP level 2. HP: 18/24 MP: 2/2
   508 | D:1      | Reached skill level 2 in Axes
   727 | D:1      | Reached skill level 1 in Evocations
   924 | D:2      | Gained mutation: You have a pair of small antennae on your
                  | head. [demonic ancestry]
   924 | D:2      | Reached XP level 3. HP: 29/29 MP: 3/3
  1164 | D:1      | Gained mutation: Spells you cast may paralyse adjacent
                  | enemies. [demonic ancestry]
  1164 | D:1      | Reached XP level 4. HP: 4/35 MP: 1/4
  1720 | D:2      | Noticed Natasha
  1727 | D:2      | Killed Natasha
  1750 | D:2      | Noticed Natasha
  1771 | D:2      | Killed Natasha
  1772 | D:2      | Reached skill level 3 in Axes
  1977 | D:2      | Noticed Natasha
  1983 | D:2      | Gained mutation: You have a pair of antennae on your head.
                  | [demonic ancestry]
  1983 | D:2      | Reached XP level 5. HP: 41/41 MP: 5/5
  1991 | D:2      | Killed Natasha
  2973 | D:3      | Gained mutation: You have a pair of large antennae on your
                  | head. (SInv) [demonic ancestry]
  2973 | D:3      | Reached XP level 6. HP: 41/48 MP: 6/6
  3286 | D:3      | Reached skill level 4 in Axes
  3617 | D:4      | Found Wisel's Antique Weapon Shoppe.
  3792 | D:4      | Found Lutei's Jewellery Emporium.
  4753 | D:5      | Entered Level 5 of the Dungeon
  4757 | D:5      | Found a staircase to the Ecumenical Temple.
  4765 | D:5      | Gained mutation: You are mostly covered in icy blue scales.
                  | (AC +3) [demonic ancestry]
  4765 | D:5      | Reached XP level 7. HP: 54/54 MP: 7/7
  5368 | D:5      | Reached skill level 5 in Axes
  5451 | D:5      | Noticed Prince Ribbit
  5685 | D:5      | Found a runed translucent door.
  5686 | D:5      | Noticed Crazy Yiuf
  5892 | Temple   | Entered the Ecumenical Temple
  5943 | Temple   | Became a worshipper of Hepliaklqana the Forgotten
  6274 | D:5      | Reached XP level 8. HP: 59/61 MP: 8/8
  6313 | D:5      | Killed Prince Ribbit
  6460 | D:5      | Reached skill level 6 in Axes
  7551 | D:6      | Reached skill level 5 in Fighting
  7551 | D:6      | Reached skill level 5 in Armour
  8123 | D:6      | Reached skill level 5 in Evocations
  8276 | D:6      | Found a shimmering altar of Xom.
  8278 | D:6      | Found a stormy altar of Qazlal.
  8278 | D:6      | Found a broken altar of Ashenzari.
  8278 | D:6      | Found a stormy altar of Qazlal.
  8440 | D:6      | Found a hide-covered altar of Uskayaw.
  8471 | D:6      | Found an ornate altar of the Wu Jian Council.
  8476 | D:6      | Found a bloodstained altar of Trog.
  8478 | D:6      | Found a shadowy altar of Dithmenos.
  8482 | D:6      | Reached * piety under Hepliaklqana
  8562 | D:6      | Reached XP level 9. HP: 54/61 MP: 7/9
  8826 | D:5      | Reached skill level 7 in Axes
  9916 | D:7      | Reached skill level 8 in Axes
 10926 | D:7      | Noticed Duvessa
 10933 | D:7      | Noticed Dowan
 10941 | D:7      | Killed Duvessa
 10949 | D:7      | Killed Dowan
 11181 | D:8      | Reached ** piety under Hepliaklqana
 11182 | D:8      | Remembered your ancestor Valentine as a battlemage
 11193 | D:8      | Reached XP level 10. HP: 58/68 MP: 8/10
 11241 | D:8      | Found a staircase to the Lair.
 11662 | D:8      | You fall into a shaft and drop 3 floors!
 11777 | D:10     | Entered Level 10 of the Dungeon
 12002 | D:10     | Reached skill level 9 in Axes
 12641 | D:9      | Found a staircase to the Orcish Mines.
 13100 | D:9      | Reached *** piety under Hepliaklqana
 13106 | D:9      | Reached skill level 5 in Shields
 13770 | D:9      | Found a shimmering blue altar of Sif Muna.
 13872 | D:10     | Reached XP level 11. HP: 73/75 MP: 11/11
 13929 | D:10     | Reached skill level 10 in Axes
 14283 | D:10     | Noticed Joseph
 14339 | D:10     | Killed Joseph
 15147 | D:10     | Found a snail-covered altar of Cheibriados.
 15154 | D:10     | Found a burning altar of Makhleb.
 15275 | D:10     | Reached **** piety under Hepliaklqana
 15393 | D:11     | Noticed Fannar
 15603 | D:11     | Noticed Grum
 15621 | D:11     | Killed Grum
 15793 | D:11     | Noticed a purple ugly thing
 15803 | D:11     | Killed a purple ugly thing
 16014 | D:11     | Noticed a boulder beetle
 16023 | D:11     | Killed a boulder beetle
 16340 | D:11     | Noticed Sonja
 16341 | D:11     | Killed Sonja
 16664 | D:11     | Killed Fannar
 16696 | D:11     | Identified the +2 sling of the Immovable Deaths {speed,
                  | rF+}
 17187 | D:12     | Noticed a two-headed ogre
 17189 | D:12     | Noticed Psyclone's ghost (journeyman DEVM)
 17233 | D:12     | Reached skill level 11 in Axes
 17277 | D:12     | Identified the +8 broad axe of the Inviting Gods {venom,
                  | rElec Str+3 Dex+4}
 17277 | D:12     | Noticed a deep elf pyromancer
 17295 | D:12     | Reached ***** piety under Hepliaklqana
 17300 | D:12     | Noticed a boulder beetle
 17310 | D:12     | Found a transporter.
 17315 | D:12     | Found a transporter.
 17760 | D:12     | Noticed a boulder beetle
 17763 | D:12     | Killed a boulder beetle
 17764 | D:12     | Reached XP level 12. HP: 82/82 MP: 12/12
 17957 | D:12     | Paralysed by a hornet for 3 turns
 18070 | D:12     | Noticed Kirke
 18075 | D:12     | Noticed a sphinx
 18083 | D:12     | Killed Kirke
 18830 | D:13     | Found a gate to the Vaults.
 18842 | D:13     | HP: 1/126 [+5 long sword (12)]
 18844 | D:13     | Reached skill level 12 in Axes
 18942 | D:13     | Noticed a centaur warrior
 18953 | D:13     | Killed a centaur warrior
 19213 | D:13     | Noticed a death knight
 19222 | D:13     | Killed a death knight
 19761 | D:13     | Found Xeib's Antique Weapon Boutique.
 20524 | D:13     | Noticed a four-headed hydra
 20530 | D:13     | Killed a seven-headed hydra
 20531 | D:13     | Reached skill level 10 in Evocations
 20958 | D:13     | Noticed a boulder beetle
 20974 | D:13     | Killed a boulder beetle
 21185 | D:13     | Found a sacrificial altar of Ru.
 21194 | D:13     | Noticed a catoblepas
 21207 | D:13     | Killed a catoblepas
 21226 | D:13     | Reached XP level 13. HP: 33/90 MP: 13/13
 22632 | D:14     | Reached skill level 13 in Axes
 22632 | D:14     | Reached skill level 10 in Armour
 23103 | D:15     | Entered Level 15 of the Dungeon
 27850 | D:15     | Reached ****** piety under Hepliaklqana
 29518 | D:15     | Noticed a stone giant
 29546 | D:14     | HP: 1/92 [cyan ugly thing (17)]
 29547 | D:14     | Slain by a cyan ugly thing

Illustrated notes

Levels and vault maps discovered:
D:1:      scummos_arrival_simple_fountains, layout_rooms, basic_ecumenical_altar
D:2:      layout_rooms, uniq_natasha
D:3:      layout_loops_cross, minmay_increasing_density
D:4:      layout_loops_cross, serial_rivers, chequers_serial_rivers_marsh,
          chequers_serial_rivers_small_b, chequers_serial_rivers_marsh,
          chequers_serial_rivers_micro_d, chequers_serial_rivers_large_b,
          chequers_serial_rivers_small_b, serial_shops, shop,
          nicolae_inconvenience_store
D:5:      nicolae_cairo_tiling_large_dashed, layout_cave_pools,
          minmay_temple_entry_large_hall, grunt_ministairs_2,
          uniq_prince_ribbit1, uniq_crazy_yiuf_cottage
D:6:      layout_basic, doesnt_xom_only_xom, minitemple,
          nicolae_uskayaw_murder_on_the_dancefloor
D:7:      layout_loops_cross, uniq_duvessa
D:8:      layout_gridville, david_lair_shrubbed
D:9:      layout_basic, kennysheep_orc_sif_temple, david_orc_2, serial_demonic,
          serial_demonic_f, serial_demonic_b, serial_demonic_c, serial_demonic_d
D:10:     layout_gridville, mainiacjoe_overflow_concentric_impassable,
          elyvilon_altar_1, amethyst_overflow_temple_binary, uniq_joseph
D:11:     layout_irregular_city, uniq_grum, uniq_sonja, uniq_fannar
D:12:     layout_gridville, nzn_ghost_randoct, uniq_kirke
D:13:     layout_cave_pods, erik_vaults_1, serial_shops, kennysheep_mini_moat,
          nicolae_ru_sacrificial_ziggurat
D:14:     layout_loops_ring, minivault_4
D:15:     grunt_enter_depths_snipers, layout_layer_cave, hex_tiny
Temple:   nicolae_temple_godzebo

Skill      XL: |  1  2  3  4  5  6  7  8  9 10 11 12 13 |
---------------+----------------------------------------+-----
Axes           | 2 3 4 5 6 8 9 11 12 13 | 13.6
Armour         | 3 4 5 6 7 8 9 10 | 10.9
Evocations     | 1 2 3 5 6 7 8 10 11 | 11.1
Shields        | 3 4 5 6 7 |  7.0
Fighting       | 4 5 6 7 8 9 |  9.8

Action                   |  1- 3 |  4- 6 |  7- 9 | 10-12 | 13-15 || total
-------------------------+-------+-------+-------+-------+-------++-------
Melee: War axe           |    87 |   184 |   410 |    86 |       ||   767
       Broad axe         |       |       |       |   284 |   159 ||   443
Invok: Ancestor Life: Ba |       |       |     1 |       |       ||     1
       Ancestor Identity |       |       |     1 |       |       ||     1
       Recall Ancestor   |       |       |       |     4 |       ||     4
Evoke: Wand              |       |       |     4 |    23 |     8 ||    35
  Use: Potion            |     5 |     2 |     3 |     7 |     3 ||    20
       Scroll            |       |     8 |     6 |     8 |     6 ||    28
 Stab: Distracted        |       |       |     3 |    11 |    10 ||    24
Armor: Scale mail        |    50 |    17 |       |       |       ||    67
       Chain mail        |       |    88 |   330 |   274 |   137 ||   829
Dodge: Dodged            |    43 |    35 |   281 |   194 |    53 ||   606
Block: Buckler           |    25 |    48 |   153 |   163 |    72 ||   461
